 Dungeon Crawl Stone Soup version 0.28.0-1-gb440e238dd (webtiles) character file.

Game seed: 10754460497420832404

88 fknight the Chopper (level 4, -2/41 HPs)
             Began as a Hill Orc Monk on Feb 27, 2022.
             Slain by Crazy Yiuf (10 damage)
             ... on level 3 of the Dungeon.
             The game lasted 00:05:18 (2835 turns).

fknight the Chopper (Hill Orc Monk)                 Turns: 2835, Time: 00:05:19

Health: -2/41      AC:  6    Str: 15    XL:     4   Next: 54%
Magic:  4/4        EV: 11    Int: 16    God:
Gold:   54         SH:  0    Dex: 13    Spells: 3/3 levels left

rFire   . . .      SeeInvis .   a - +0 hand axe
rCold   . . .      Faith    .   (no shield)
rNeg    . . .      Spirit   .   m - +0 ring mail
rPois   +          Reflect  .   (no helmet)
rElec   .          Harm     .   k - +0 cloak
rCorr   .          Rampage  .   (no gloves)
Will    .....                   (no boots)
Stlth   +.........              (no amulet)
HPRegen 0.13/turn               f - +6 ring of intelligence
MPRegen 0.09/turn               z - ring of poison resistance

@: no status effects
A: no striking features
a: no special abilities


You were on level 3 of the Dungeon.
You visited 1 branch of the dungeon, and saw 3 of its levels.

You collected 54 gold pieces.

Inventory:

Hand Weapons
 a - a +0 hand axe (weapon)
 h - a +0 spear
 t - a +0 hunting sling
Missiles
 d - 7 stones (quivered)
Armour
 b - a +0 robe
 k - a +0 cloak (worn)
 m - a +0 ring mail (worn)
Magical Staves
 o - a staff of death
Jewellery
 f - a +6 ring of intelligence (left hand)
 z - a ring of poison resistance (right hand)
Scrolls
 e - a scroll of vulnerability {unknown}
 g - a scroll of enchant weapon {unknown}
 j - a scroll of summoning {unknown}
 l - a scroll of amnesia {unknown}
 n - a scroll of immolation {unknown}
 p - a scroll of blinking {unknown}
 s - 2 scrolls of teleportation {unknown}
 u - a scroll of identify {unknown}
 x - a scroll of magic mapping {unknown}
 y - a scroll of enchant armour {unknown}
Potions
 c - a potion of flight {unknown}
 i - a potion of resistance {unknown}
 q - 2 potions of mutation {unknown}
 r - 3 potions of haste {unknown}
 v - a potion of brilliance {unknown}
 w - 2 potions of attraction {unknown}


   Skills:
 + Level 4.3 Fighting
 + Level 4.8 Axes
 + Level 2.9 Dodging
 + Level 2.5 Stealth


You had 3 spell levels left.
You didn't know any spells.
Your spell library contained the following spells:

 Spells                   Type           Power      Damage    Failure   Level
 Shock                    Conj/Air       0%         1d3       45%         1
 Swiftness                Air            0%         N/A       83%         3
 Airstrike                Air            0%         N/A       99%         4


Dungeon Overview and Level Annotations

Branches:
Dungeon (3/15)

Altars:
Elyvilon

Annotations:
D:3 Crazy Yiuf


Message History

The ball python constricts you.
You closely miss the ball python. The ball python barely misses you.
The ball python constricts you.
You hit the ball python.
The ball python is moderately wounded.
The ball python closely misses you. The ball python constricts you.
You closely miss the ball python.
The ball python is moderately wounded.
The ball python bites you but does no damage.
The ball python constricts you.
You slash the ball python!
You kill the ball python!
You start resting.
HP restored.
You start waiting.
Done waiting.
You see here a +0 short sword.
Found a mace.
Found a runed translucent door.
Crazy Yiuf shouts!
As you open the door, it creaks loudly!
You hit Crazy Yiuf.
Crazy Yiuf is lightly wounded.
Crazy Yiuf hits you with a +2 quarterstaff of chaos!
Crazy Yiuf freezes you.
You closely miss Crazy Yiuf.
Crazy Yiuf is lightly wounded.
Crazy Yiuf hits you with a +2 quarterstaff of chaos!
* * * LOW HITPOINT WARNING * * *
Crazy Yiuf draws strength from your wounds!
You hit Crazy Yiuf but do no damage.
Crazy Yiuf whimpers, "Two canine bush!"
Crazy Yiuf hits you with a +2 quarterstaff of chaos.
* * * LOW HITPOINT WARNING * * *
You hit Crazy Yiuf.
Crazy Yiuf is lightly wounded.
Crazy Yiuf hits you but does no damage.
You closely miss Crazy Yiuf. You punch Crazy Yiuf, but do no damage.
Crazy Yiuf is lightly wounded.
Crazy Yiuf hits you with a +2 quarterstaff of chaos!
You die...

#.# ##......#######
#.################.....#
#
#.#....................#
##
#.#.#################.##
#. # #.#..# #.## #.
####.#..##♣♣♣♣♣
#..######.
.........'..♣.♣♣♣ ###
#......##>
####.........♣..♣#...#
#..###.##. #
#.#......♣♣♣♣@g...#
#[.....##. ####.#...'.♣♣
♣♣#..)# #.........
........##♣♣ ###
#......### #######.#
#......... #.#
###.#..### ####)#######
##### #.#..#
#..........# #.#.#
#.#..# #.####.#####
#.#.####.#..# #.#
#.#########...[.......#


You could see Crazy Yiuf.

Vanquished Creatures
  Jessica (D:3)
  2 adders
  A dart slug (D:3)
  A bat (D:3)
  5 endoplasms
  4 giant cockroaches
  2 goblins
  5 hobgoblins
  3 jackals (D:1)
  4 kobolds
  7 ball pythons
  2 frilled lizards (D:3)
  2 rats
39 creatures vanquished.

Vanquished Creatures (others)
  A fungus (D:2)
  A plant (D:2)
2 creatures vanquished.

Grand Total: 41 creatures vanquished

Notes
Turn   | Place    | Note
-------+----------+-------------------------------------------
     0 | D:1      | fknight the Hill Orc Monk began the quest for the Orb.
     0 | D:1      | Reached XP level 1. HP: 19/19 MP: 1/1
   160 | D:1      | Reached XP level 2. HP: 18/27 MP: 2/2
  1109 | D:2      | Reached XP level 3. HP: 29/33 MP: 3/3
  1319 | D:2      | Found a white marble altar of Elyvilon.
  1787 | D:2      | Found a faded altar of an unknown god.
  2050 | D:3      | Noticed Jessica
  2055 | D:3      | Killed Jessica
  2056 | D:3      | Reached XP level 4. HP: 12/40 MP: 4/4
  2826 | D:3      | Found a runed translucent door.
  2827 | D:3      | Noticed Crazy Yiuf
  2835 | D:3      | Slain by Crazy Yiuf

Illustrated notes

Levels and vault maps discovered:
D:1:      dpeg_arrival_water_temple_mockup, layout_loops_ring
D:2:      layout_loops_cross, dreamdust_ecumenical_altar_hidden_monk_grotto,
          basic_altar
D:3:      layout_loops_ring, uniq_crazy_yiuf_cottage, uniq_jessica

Skill      XL: |  1  2 |
---------------+-------+-----
Stealth        | 2 |  2.5
Fighting       | 4 |  4.3
Axes           | |  4.8
Dodging        | |  2.9

Action                   |  1- 3 |  4- 6 || total
-------------------------+-------+-------++-------
Melee: Hand axe          |    79 |    19 ||    98
       Punch             |       |     1 ||     1
 Fire: Hunting sling     |    14 |    20 ||    34
Throw: Stone             |    32 |     1 ||    33
Armor: Robe              |     6 |       ||     6
       Ring mail         |     6 |    10 ||    16
Dodge: Dodged            |    47 |    16 ||    63
